[Event "*** Titled Tuesday 3|2 Blitz"]
[Site "Chess.com"]
[Date "2015.05.05"]
[Round "3"]
[White "9ShMat2"]
[Black "DanielNaroditsky"]
[Result "1-0"]
[WhiteElo "2426"]
[BlackElo "2513"]
[TimeControl "180+2"]
[EndTime "11:36:51 PDT"]
[Termination "9ShMat2 won by resignation"]

1. e4 c5 2. c3 Qa5 3. Nf3 Nc6 4. d4 cxd4 5. b4 Qb6 6. Nxd4 e5 7. Nb3 Nf6 8. Be3 Qc7 9. Bd3 d6 10. O-O Be7 11.
N1d2 O-O 12. a3 d5 13. Bc5 Be6 14. Re1 b6 15. Bxe7 Nxe7 16. exd5 Nexd5 17. Rc1 Rad8 18. Qc2 Nf4 19. Bf1 g6 20. c4 Bf5 21. Qb2 Rfe8 22. c5 Bd3 23. cxb6 Qxb6 24. Nc4 Bxc4 25. Bxc4 Kg7 26.
Nc5 Qd6 27. Nb7 Qd4 28. Qxd4 Rxd4 29. Bf1 Nd3 30. Bxd3 Rxd3 31. Re3 e4 32. Nc5 Rd2 33. h3 Re5 34. Rce1 Rf5 35. R1e2 Rd1+ 36. Kh2 Rh5 37. Kg3 Rg5+ 38. Kh2 Rh5 39. Kg3 Ra1 40. Nxe4 Nd5 41. Rf3 f5 42. Nc5 Rh1 43. Ne6+ Kf6 44. Rd3 Ne7 45. Nf4 Rg5+ 46. Kf3 Ra1 47. Re6+ Kf7 48. Rd7 Rxa3+ 49. Ke2 Ra2+ 50. Ke1 Ra1+ 51. Kd2 Ra2+ 52. Kc3 Rxf2 53. Rexe7+ 1-0

[Event "*** Titled Tuesday 3|2 Blitz"]
[Site "Chess.com"]
[Date "2015.05.05"]
[Round "3"]
[White "destroyer305"]
[Black "DanielRensch"]
[Result "0-1"]
[WhiteElo "2141"]
[BlackElo "2270"]
[TimeControl "180+2"]
[EndTime "11:36:57 PDT"]
[Termination "DanielRensch won by resignation"]

1. e4 c5 2. d4 cxd4 3. c3 dxc3 4. Nxc3 d6 5. Nf3 e6 6. Bc4 a6 7. O-O Ne7 8. Qe2 Ng6 9. Rd1 Be7 10. a4 O-O 11. Be3 Nc6 12. Rac1 Bd7 13. Ba2 Rc8 14.
Bb1 Re8 15. Nd4 Bg5 16. Nb3 Bxe3 17. Qxe3 Qe7 18. Qg3 Nce5 19. f4 Nc4 20. Rf1 Nxb2 21.
f5 exf5 22. exf5 Nf8 23. Nd5 Qe5 24. Rxc8 Bxc8 25. f6 Qxg3 26. hxg3 Be6 27. Be4 Bxd5 28. Bxd5 gxf6 29. Rxf6 Ne6 30. Bxb7 Nxa4 31. Bxa6 Kg7 32. Rf2 Nac5 33. Bc4 Ne4 34. Ra2 Nxg3 35. Ra7 Nf5 36.
Nd2 Re7 37. Ra8 Nc5 38. Nf3 Ne3 39. Ba2 Ne4 40. Nd4 Rc7 41. Ra3 Rc1+ 42. Kh2 Ng4+ 43.
Kh3 h5 44. Kh4 Kg6 45. Rf3 f6 46. Ne2 Rc2 47. Nf4+ Kh6 48. Bb1 Rc4 49. Nxh5 Ng5 50. Nf4 Nxf3+ 51. gxf3 Rxf4 52. fxg4 Rb4 53. Bf5 d5 54.
Kg3 Kg5 55. Kf3 Rb3+ 56. Ke2 Kf4 57. Kd2 Re3 58. Be6 Rxe6 0-1

[Event "*** Titled Tuesday 3|2 Blitz"]
[Site "Chess.com"]
[Date "2015.05.05"]
[Round "3"]
[White "GMHess"]
[Black "bugsbunny444"]
[Result "1-0"]
[WhiteElo "2522"]
[BlackElo "2309"]
[TimeControl "180+2"]
[EndTime "11:36:59 PDT"]
[Termination "GMHess won by resignation"]

1. b3 d5 2. Bb2 Nf6 3. Nf3 e6 4. e3 Be7 5. c4 O-O 6. Be2 b6 7. O-O Bb7 8. Nc3 c5 9. cxd5 Nxd5 10. Nxd5 Qxd5 11. Qc2 Nd7 12. Rac1 Rac8 13. Rfd1 Bf6 14.
Bc3 Rfd8 15. h3 h6 16. Ne1 e5 17. d3 e4 18. dxe4 Qxe4 19. Qxe4 Bxe4 20. Ba6 Rb8 21. f3 Bc6 22. Rd6 Bxc3 23. Rxc3 Ne5 24. Rxd8+ Rxd8 25. f4 Rd1 26. Kf2 Rd2+ 27. Be2 Bb5 28. Rc2 Rxc2 29. Nxc2 Bxe2 30. Kxe2 Nc6 31. Kd3 Kf8 32. Kc4 Ke7 33. Kb5 Kd6 34. e4 Kc7 35.
Kc4 f6 36. Ne3 Ne7 37. g4 Kd6 38. Kb5 Kc7 39. Ka6 Nc6 40. Nf5 Nb4+ 41. Kxa7 Nxa2 42. Nxg7 b5 43. Ne8+ Kc6 44. Nxf6 c4 45. bxc4 bxc4 46. Nd5 c3 47. Ne3 Nb4 48. h4 c2 49. Nxc2 Nxc2 50. g5 h5 51. g6 Nd4 52. g7 Nb5+ 53. Kb8 1-0

[Event "*** Titled Tuesday 3|2 Blitz"]
[Site "Chess.com"]
[Date "2015.05.05"]
[Round "3"]
[White "salomez"]
[Black "facu57"]
[Result "0-1"]
[WhiteElo "2133"]
[BlackElo "2150"]
[TimeControl "180+2"]
[EndTime "11:37:06 PDT"]
[Termination "facu57 won by resignation"]

1. e4 c6 2. d4 d5 3. e5 e6 4.
Nf3 c5 5. Bb5+ Nc6 6. O-O Bd7 7. c4 Nxd4 8. Nxd4 cxd4 9. Bxd7+ Qxd7 10. Qxd4 Ne7 11.
Nc3 Nc6 12. Qf4 d4 13. Ne4 Qc7 14. Nd6+ Bxd6 15. exd6 Qd7 16. c5 O-O 17. Bd2 e5 18. Qf3 a5 19. b3 Rfe8 20. Qd5 Qe6 21. Qxe6 Rxe6 22. a3 b6 23. b4 bxc5 24. bxc5 f5 25. Rab1 e4 26. Rb6 Ne5 27. Bf4 Nd3 28. c6 Nxf4 29. c7 Nd5 30. Rb8+ Re8 31. Rfb1 Kf7 32.
Rxa8 Rxa8 33. Rb8 d3 34. Kf1 Nc3 35. Ke1 Ra6 36. c8=Q Rxd6 37. Qf8+ Ke6 38. Re8+ Kd5 39. Qxf5+ Kd4 40. Kd2 Nb1+ 41. Kd1 Nc3+ 42. Kc1 Rd5 43. Qf4 Ne2+ 44. Kd2 Nxf4 45. g3 Ng6 46. Rb8 Ne5 47. Rb3 Nc4+ 48. Kd1 Rf5 49. Ke1 d2+ 50. Ke2 Rxf2+ 51.
Kxf2 d1=Q 0-1

[Event "*** Titled Tuesday 3|2 Blitz"]
[Site "Chess.com"]
[Date "2015.05.05"]
[Round "3"]
[White "zmaj23"]
[Black "Konavets"]
[Result "1-0"]
[WhiteElo "2445"]
[BlackElo "2419"]
[TimeControl "180+2"]
[EndTime "11:37:12 PDT"]
[Termination "zmaj23 won by resignation"]

1. e4 c5 2. Nf3 d6 3. d4 cxd4 4. Nxd4 Nf6 5. Nc3 g6 6. Be3 Bg7 7. f3 O-O 8. Qd2 Nc6 9. O-O-O Bd7 10. g4 Rc8 11. h4 Ne5 12. h5 Qa5 13. Nb3 Nxf3 14. Nxa5 Nxd2 15. Bxd2 Bxg4 16. h6 Bh8 17. Re1 b6 18. Nb3 Nh5 19. Nd5 Rfe8 20. Bb5 e6 21. Bxe8 Rxe8 22. Nc7 Rc8 23. Nb5 Ng3 24. Rh4 f5 25. Nxd6 Rc6 26. exf5 Ne2+ 27. Kb1 gxf5 28. Rxg4+ fxg4 29. Ne4 Nd4 30. Nxd4 Bxd4 31.
c3 Be5 32. Rg1 Kf7 33. Rxg4 Rc7 34. Bf4 Bxf4 35. Rxf4+ Kg6 36. Rf6+ Kh5 37. Rxe6 Rf7 38. Kc2 Kg4 39. Kd3 Kf5 40. Re8 Kf4 41. Rd8 Re7 42. Rd4 Kf5 43. Nd6+ Kg6 44. c4 Re1 45. Ne4 Kxh6 46. Rd7 Rd1+ 47. Nd2 a5 48. Rd6+ Kg5 49. Rxb6 h5 50. Ke2 Rc1 51. Rb5+ Kg4 52. Ne4 h4 53. c5 Kf4 54. Nf2 Kg3 55. Rb3+ Kg2 56. Nh3 Rxc5 57. Nf4+ Kg1 58. Kd2 Rf5 59. Nh3+ Kg2 60.
Re3 a4 61. Kc3 Rc5+ 62. Kb4 Rc2 63. Ka3 Rc4 64. b3 axb3 65. axb3 Rg4 66. b4 Rg3 67. Nf4+ Kf2 68. Rxg3 hxg3 69. b5 Kf3 70. Nh3 Kg2 71. Nf4+ Kf3 72. b6 Kxf4 73. b7 g2 74. b8=Q+ Kf3 75.
Qf8+ Ke3 76. Qe7+ Kf3 77. Qf6+ Ke2 78. Qe5+ Kd1 79. Qd5+ Kc1 80. Qxg2 1-0

[Event "*** Titled Tuesday 3|2 Blitz"]
[Site "Chess.com"]
[Date "2015.05.05"]
[Round "3"]
[White "LuckyTiger"]
[Black "jcibarra"]
[Result "0-1"]
[WhiteElo "2463"]
[BlackElo "2512"]
[TimeControl "180+2"]
[EndTime "11:37:13 PDT"]
[Termination "jcibarra won by resignation"]

1. e4 e5 2. Nf3 d6 3. d4 exd4 4. Nxd4 Nf6 5. Nc3 Be7 6. Be2 O-O 7. O-O Re8 8. Re1 Bf8 9. Bf1 Nbd7 10. Bg5 c6 11. Qd2 h6 12. Bh4 Ne5 13. Rad1 Ng6 14. Bg3 Nh5 15. Bc4 Nxg3 16. hxg3 Ne5 17. Bb3 g6 18. a3 Qb6 19. Nf3 Bg4 20. Qf4 g5 21.
Qe3 Qxe3 22. Rxe3 Rad8 23. Rd2 Bg7 24. Kf1 Bh5 25. Nxe5 Bxe5 26. Bc4 Kf8 27. Be2 Bg6 28. Bf3 b5 29. Nd1 Ke7 30. Re1 Kf8 31. c3 h5 32.
g4 Bf4 33. Rde2 hxg4 34. Bxg4 d5 35. g3 Bc7 36. Bf5 Bxf5 37. exf5 Rxe2 38. Rxe2 Re8 39. Ne3 Bb6 40. Ng4 Rxe2 41. Kxe2 Ke7 42. b3 c5 43. Kd3 c4+ 44. bxc4 bxc4+ 45. Kd2 Kd6 46. a4 Bc5 47. Ke2 d4 48. cxd4 Bxd4 49. Kd2 Kc5 50.
Nh6 f6 51. Ng4 Kb4 52. f3 Kb3 53. Kc1 c3 0-1

[Event "*** Titled Tuesday 3|2 Blitz"]
[Site "Chess.com"]
[Date "2015.05.05"]
[Round "3"]
[White "Tomsel"]
[Black "jlandaw"]
[Result "0-1"]
[WhiteElo "2354"]
[BlackElo "2379"]
[TimeControl "180+2"]
[EndTime "11:37:35 PDT"]
[Termination "jlandaw won by resignation"]

1. d4 d5 2. Bf4 Nf6 3. e3 g6 4.
c4 Bg7 5. Nf3 O-O 6. Nc3 dxc4 7.
Bxc4 Nc6 8. O-O Nh5 9. Bg5 h6 10. Bh4 g5 11. Nd2 Nf6 12. Bg3 a6 13. h3 Bf5 14. a3 e6 15. Rc1 Qd7 16. b4 Rad8 17.
Qe2 Bg6 18. Nb3 Ne8 19. Qa2 Nd6 20. Nc5 Qe7 21. Be2 a5 22. d5 axb4 23. dxc6 bxc3 24. cxb7 Rb8 25. Qb3 Ne4 26. Nxe4 Bxe4 27. Ba6 Bd5 28.
Qb4 c5 29. Qb5 Rxb7 30. Bxb7 Qxb7 31. Qxb7 Bxb7 32. f3 Ba6 33. Rfe1 Bd3 34. Bf2 Rb8 35. e4 c4 36. e5 c2 37. a4 Rb1 38. Bd4 c3 39.
Bxc3 Bf8 40. Kh2 Bc5 41. Kg3 Rxc1 42. Rxc1 Be3 43. Bb2 Kf8 44. a5 Ke8 45. a6 Kd7 46. a7 Bxa7 47. Ra1 Be3 48. Bc1 Bxc1 49. Rxc1 Kc6 50.
f4 Kd5 51. fxg5 hxg5 52. Kg4 Kxe5 53. Kxg5 Kd4 54. h4 Ke3 55. Kf6 Kd2 56. Rh1 Be2 57.
Kxf7 Bd1 58. Kxe6 c1=Q 59. Kf5 Bc2+ 60. Kg4 Qxh1 61. g3 Qe4+ 62. Kh3 Qf3 0-1

[Event "*** Titled Tuesday 3|2 Blitz"]
[Site "Chess.com"]
[Date "2015.05.05"]
[Round "3"]
[White "Cryptochess"]
[Black "dabee"]
[Result "1-0"]
[WhiteElo "2392"]
[BlackElo "2358"]
[TimeControl "180+2"]
[EndTime "11:37:38 PDT"]
[Termination "Cryptochess won by resignation"]

1. e4 c5 2. Nc3 Nc6 3. g3 e6 4. Bg2 Nge7 5. Nge2 g6 6. d3 Bg7 7. Be3 b6 8. O-O h5 9. f4 h4 10. Qd2 hxg3 11. hxg3 f5 12. e5 a6 13. d4 cxd4 14.
Nxd4 Bb7 15. Rad1 Qc7 16. Qf2 Nxd4 17. Bxd4 b5 18. Bb6 Qc8 19. Rd6 Rb8 20. Rfd1 Bxg2 21.
Qxg2 Rb7 22. g4 Bf8 23. a4 b4 24. Na2 Nd5 25. R1xd5 exd5 26. gxf5 Rxb6 27. Qxg6+ Kd8 28. Rxb6 Bc5+ 29. Kg2 Kc7 30. Nxb4 Bxb4 31. Rxb4 Rg8 32. Rb3 Rxg6+ 33. fxg6 Qf8 34. Rg3 Qxf4 35. g7 Qd2+ 36. Kh3 Qh6+ 37. Kg2 Qd2+ 38. Kg1 Qd1+ 39. Kg2 Qxc2+ 40. Kh3 Qh7+ 41. Kg2 Qg8 42. Kf3 Kc6 43.
Ke3 Kc5 44. Kd3 d4 45. Rg5 Qb3+ 46. Ke4 Qd5+ 47. Kf5 Qf7+ 48. Ke4 Qd5+ 49. Kf4 Qf7+ 50. Ke4 Qd5+ 51. Kf4 Qg8 52. e6+ Kd6 53. exd7 Kxd7 54. Ke4 Ke6 55. Rg6+ Kf7 56. Rg3 Qd8 57. g8=Q+ 1-0

[Event "*** Titled Tuesday 3|2 Blitz"]
[Site "Chess.com"]
[Date "2015.05.05"]
[Round "3"]
[White "Palacios-LLera"]
[Black "AndrewMcStone"]
[Result "1-0"]
[WhiteElo "2108"]
[BlackElo "1984"]
[TimeControl "180+2"]
[EndTime "11:38:08 PDT"]
[Termination "Palacios-LLera won by resignation"]

1. d4 Nf6 2. Nf3 g6 3. c3 Bg7 4. Bg5 h6 5. Bh4 d6 6. Nbd2 Bf5 7. Qb3 Qc8 8. e3 O-O 9. Be2 c5 10. dxc5 dxc5 11. O-O Nc6 12. a4 g5 13. Bg3 Nh5 14. Rfd1 Nxg3 15. hxg3 Qc7 16. e4 Bg6 17. Bf1 Rad8 18.
Re1 b6 19. Rad1 Rd7 20. Nc4 Rfd8 21. Rxd7 Rxd7 22. Qc2 e6 23. Nfd2 Qd8 24. g4 Ne5 25. f3 Nxc4 26. Nxc4 Qf6 27. Rd1 Qd8 28. Rxd7 Qxd7 29.
Kf2 Kf8 30. Ne3 Ke7 31. Bb5 Qd6 32. Qd3 Be5 33. Qxd6+ Bxd6 34. Nc4 Bc7 35. g3 f6 36. Ne3 Bf7 37. Bc4 Be5 38. Bb5 Bc7 39. Nc4 Bb8 40.
a5 Bc7 41. axb6 axb6 42. Bc6 Bg6 43. Na3 Be8 44. Bxe8 Kxe8 45. Nb5 Kd7 46. c4 Be5 47.
b3 Kc6 48. Na7+ Kb7 49. Nb5 Kc6 50. Na3 Bd4+ 51. Ke2 Kd6 52. f4 Kc6 53. Nb5 Bg1 54. Kf3 Bd4 55. Nxd4+ cxd4 56. e5 fxe5 57. fxe5 Kc5 58.
Ke4 Kb4 59. Kxd4 Kxb3 60. c5 bxc5+ 61. Kxc5 Kc3 62. Kd6 Kd4 63. Kxe6 Ke4 64. Kf6 Kf3 65. e6 Kxg4 66. e7 h5 67. e8=Q h4 68. gxh4 gxh4 69. Qe2+ 1-0

[Event "*** Titled Tuesday 3|2 Blitz"]
[Site "Chess.com"]
[Date "2015.05.05"]
[Round "3"]
[White "Azzaro25"]
[Black "LyonBeast"]
[Result "0-1"]
[WhiteElo "2269"]
[BlackElo "2741"]
[TimeControl "180+2"]
[EndTime "11:38:18 PDT"]
[Termination "LyonBeast won by resignation"]

1. e4 c6 2. d4 d5 3. Nd2 g6 4.
Ngf3 Bg7 5. h3 dxe4 6. Nxe4 Nf6 7. Nxf6+ exf6 8. Bc4 O-O 9. O-O Nd7 10. c3 Nb6 11. Bb3 Re8 12. Bf4 Be6 13. Bxe6 fxe6 14. Re1 Qd5 15. Qc2 c5 16. dxc5 Qxc5 17. Be3 Qc7 18. Bxb6 Qxb6 19. a4 e5 20. a5 Qe6 21. Qa4 Rad8 22.
Rad1 Bf8 23. Nd4 Qf7 24. Nc2 a6 25. Ne3 Bc5 26. Ng4 Kg7 27. b4 Ba7 28. Qc2 Qc4 29. Rxd8 Rxd8 30. Rd1 Rxd1+ 31. Qxd1 h5 32. Qd7+ Qf7 33.
Qxf7+ Kxf7 34. Ne3 Ke6 35. c4 Bd4 36. Nc2 Bc3 37.
f3 f5 38. Kf2 e4 39. Ke3 Ke5 40. f4+ Kd6 41. h4 Kc7 42. g3 Kc6 43. Ke2 b6 44. axb6 Kxb6 45. Kf1 a5 46. bxa5+ Kxa5 47. Ke2 Bg7 48. Ne3 Kb4 49. Nd5+ Kxc4 50. Ne3+ Kc5 51. Nf1 Bd4 52. Nd2 Bg1 53. Nf1 Kb4 54. Nd2 Kc3 55. Nf1 Bc5 56. Nh2 Ba3 57. Nf1 Bc1 58.
Nh2 Kc4 59. Nf1 Kd4 60. Nh2 Be3 61. Nf1 Bg1 62. Nd2 Kc3 63. Nf1 Kb3 64. Nd2+ Kc2 65. Nf1 e3 66. Nxe3+ Bxe3 67. Kxe3 Kd1 68. Kf2 Kd2 69.
Kf1 Ke3 70. Kg2 Ke2 71. Kg1 Kf3 72. Kh2 Kf2 73. Kh3 Kg1 0-1

[Event "*** Titled Tuesday 3|2 Blitz"]
[Site "Chess.com"]
[Date "2015.05.05"]
[Round "3"]
[White "Inopov"]
[Black "megarompa"]
[Result "1/2-1/2"]
[WhiteElo "2492"]
[BlackElo "2668"]
[TimeControl "180+2"]
[EndTime "11:39:43 PDT"]
[Termination "Game drawn - insufficient material"]

1. Nf3 d5 2. g3 Nf6 3. Bg2 c6 4. c4 g6 5. b3 Bg7 6. Bb2 O-O 7.
O-O a5 8. cxd5 cxd5 9. Nc3 Nc6 10. Na4 Re8 11. Ne5 Nxe5 12. Bxe5 Bd7 13. Rc1 Bc6 14. d3 Nd7 15. Bxg7 Kxg7 16. Qd2 e5 17. Qb2 f6 18. Rc2 Qe7 19. Rfc1 Rad8 20. Nc5 Nb8 21. d4 e4 22. e3 h5 23. Qc3 b6 24. Na4 Qb7 25. Qd2 Rc8 26. Nc3 Na6 27. a3 b5 28. Ne2 b4 29. Nf4 bxa3 30. Qxa5 Nb4 31. Rc3 Na2 32. Qxa3 Nxc1 33. Rxc1 Bb5 34. Rxc8 Rxc8 35.
h4 Qd7 36. Qa5 Kf7 37. Qb6 Bc6 38. b4 Qb7 39. Qc5 Bb5 40. Qd6 Qd7 41. Qb6 Qc6 42.
Qa7+ Qc7 43. Qa2 Qc1+ 44. Kh2 Qc4 45. Qa7+ Qc7 46. Qxc7+ Rxc7 47. Nxd5 Rc2 48. Kg1 Rc1+ 49. Kh2 f5 50. Nf4 Rb1 51. f3 exf3 52. Bxf3 Rxb4 53. Bd5+ Kf6 54. Bg2 Rb2 55. Kg1 Be2 56. Nd5+ Kg7 57. Nf4 Bg4 58. Kf1 Rb1+ 59. Kf2 Rb2+ 60.
Kf1 Bd1 61. Bd5 Bc2 62. Ne6+ Kf6 63. Nf4 Be4 64. Bc4 Rb1+ 65. Kf2 Rc1 66. Be2 Rc2 67.
Ke1 Rc1+ 68. Kf2 Ra1 69. Bc4 Rc1 70. Be2 Rh1 71. Bf1 Rh2+ 72. Ng2 g5 73. Kg1 Rh3 74. Kf2 gxh4 75. Nxh4 Rh2+ 76. Bg2 Bxg2 77. Nxg2 Rh1 78. Ne1 h4 79. gxh4 Rxh4 80. Ng2 Rh1 81. Nf4 Ra1 82. Ke2 Kg5 83. Kd3 Kg4 84. d5 Kf3 85. Kd4 Rd1+ 86. Ke5 Kxe3 87. Ne6 Rxd5+ 88. Kxd5 f4 89. Nd4 f3 90. Nxf3 1/2-1/2

[Event "*** Titled Tuesday 3|2 Blitz"]
[Site "Chess.com"]
[Date "2015.05.05"]
[Round "3"]
[White "MinhGTrAn"]
[Black "MattyDPerrine"]
[Result "1-0"]
[WhiteElo "2510"]
[BlackElo "2247"]
[TimeControl "180+2"]
[EndTime "11:40:09 PDT"]
[Termination "MinhGTrAn won by resignation"]

1. d4 Nf6 2. Bg5 Ne4 3. Bf4 d5 4. e3 g6 5. Bd3 Bg7 6. Bxe4 dxe4 7. Nc3 f5 8. h4 c5 9. Nge2 cxd4 10. exd4 Nc6 11.
Be3 Nb4 12. h5 Nd5 13. Nxd5 Qxd5 14. Qd2 Bd7 15. Qc3 Rc8 16. Qd2 Qc4 17. c3 Bb5 18. Ng3 e5 19. dxe5 Rd8 20. Bd4 Bxe5 21. b3 Qe6 22.
Qe3 Bxd4 23. cxd4 Kf7 24. Rc1 Bc6 25. Rc5 Qd6 26. Ne2 b6 27. Rc3 Rd7 28. O-O Kg7 29.
h6+ Kf7 30. Rfc1 Bb5 31. Nf4 Rhd8 32. d5 Qe5 33. g3 Ba6 34. Rc6 Re7 35. Kg2 Bb7 36.
Re6 Rxe6 37. dxe6+ Kf8 38. Qe1 e3+ 39. Kh2 g5 40.
Ng2 f4 41. fxe3 f3 42. Qf2 Kg8 43. Ne1 g4 44. Kg1 Qxe6 45. Rc4 Bd5 46. Rf4 Rf8 47.
Nd3 Be4 48. Qd2 Rd8 49. Qb4 Bxd3 50. Rxg4+ Bg6 51. Rf4 Qxe3+ 52. Kh2 Rd2+ 53. Kh3 Qe6+ 54. g4 Rd8 55. Rxf3 Re8 56. Qf4 Bf7 57. Kg3 Qg6 58. Rc3 Qe6 59. Rc7 Qg6 60. Rxa7 Rd8 61. Kh4 Re8 62. Rc7 Re4 63. Rc8+ Be8 64. Qg5 Qxg5+ 65. Kxg5 Kf7 66. Rb8 Re6 67. Rb7+ Kg8 68. a4 Rg6+ 69.
Kf5 Rxh6 70. Rb8 Kf7 71. Rb7+ Kf8 72. g5 Rh3 73. Rxb6 Rf3+ 74. Kg4 Rc3 75. a5 Rc1 76. b4 Ke7 77. Kf5 Bd7+ 78. Kf4 Rc4+ 79. Ke3 Rc6 80.
Rb7 Kd6 81. b5 Rc3+ 82. Kd4 Rb3 83. Kc4 Rb1 84. a6 Rc1+ 85. Kb4 Ra1 86. a7 Ra2 87.
b6 Ra6 88. Rxd7+ Kxd7 89. Kb5 Ra1 90. b7 1-0

[Event "*** Titled Tuesday 3|2 Blitz"]
[Site "Chess.com"]
[Date "2015.05.05"]
[Round "4"]
[White "Konavets"]
[Black "desxmchna"]
[Result "1-0"]
[WhiteElo "2422"]
[BlackElo "2148"]
[TimeControl "180+2"]
[EndTime "11:45:14 PDT"]
[Termination "Konavets won by resignation"]

1. e4 c5 2. Nf3 d6 3. d4 cxd4 4. Nxd4 Nf6 5. Nc3 g6 6. Be3 Bg7 7. f3 O-O 8. Qd2 Nc6 9. O-O-O d5 10. Kb1 Nxd4 11. e5 Nf5 12. exf6 exf6 13. Bc5 Re8 14. Nxd5 Be6 15. Bb5 Bxd5 16. Bxe8 Bxa2+ 17. Kxa2 Qxe8 18. Qd7 Qe5 19. Rd5 Qe2 20. Qxb7 Qc4+ 21. Kb1 Re8 22. Rhd1 h5 23. Qxa7 Re2 24. Qb8+ Kh7 25. Qb3 Qa6 26.
Rxf5 gxf5 27. Qxf7 Rxg2 28. Qxh5+ Bh6 29. Rd7+ 1-0

[Event "*** Titled Tuesday 3|2 Blitz"]
[Site "Chess.com"]
[Date "2015.05.05"]
[Round "4"]
[White "Lupul_Cenusiu"]
[Black "llamalord42"]
[Result "1-0"]
[WhiteElo "2318"]
[BlackElo "2226"]
[TimeControl "180+2"]
[EndTime "11:45:55 PDT"]
[Termination "Lupul_Cenusiu won by resignation"]

1. d4 Nf6 2. Bg5 g6 3. Bxf6 exf6 4. e3 Bg7 5. Ne2 f5 6. g3 O-O 7. Bg2 d6 8. O-O Nd7 9. c4 Nf6 10. Nbc3 h5 11. b4 h4 12. Nd5 Ng4 13. f3 Nf6 14. Rc1 Re8 15. Rc3 Bh6 16. Nxf6+ Qxf6 17. f4 Kg7 18. Kf2 g5 19. c5 c6 20. cxd6 Qxd6 21.
a3 Be6 22. Rc5 g4 23. Qd3 h3 24. Bh1 Kg6 25. Rfc1 Bg7 26. b5 cxb5 27. Qxb5 b6 28. Rc6 Qe7 29. d5 a6 30. Qb4 1-0

[Event "*** Titled Tuesday 3|2 Blitz"]
[Site "Chess.com"]
[Date "2015.05.05"]
[Round "4"]
[White "David_Klein"]
[Black "iaraldinho"]
[Result "0-1"]
[WhiteElo "2225"]
[BlackElo "2303"]
[TimeControl "180+2"]
[EndTime "11:46:53 PDT"]
[Termination "iaraldinho won by resignation"]

1. e4 c5 2. Nf3 a6 3. c3 d5 4.
exd5 Qxd5 5. Na3 Nf6 6. Bc4 Qd6 7. O-O e5 8. Re1 Nc6 9. d4 cxd4 10. cxd4 e4 11. d5 Ne5 12. Bf4 Nxf3+ 13. Qxf3 Qb4 14.
Rxe4+ Nxe4 15. Qxe4+ Kd8 16. Qd4 Qc5 17. Qd2 Qb4 18.
Qc2 b5 19. Bxb5 Qxf4 20. Re1 Bxa3 21. Bc6 Bd6 22. g3 Qf5 23. Qd2 Ra7 24. Qa5+ Rc7 25. Qb6 Qf6 26. Qe3 Bd7 27. Qb6 Re8 28. Qb8+ Rc8 29.
Rxe8+ Bxe8 30. Qb6+ Bc7 31. Qb7 Bxc6 32. dxc6 Qd4 33.
Qb3 Bb6 34. Qxf7 Qxf2+ 0-1

[Event "*** Titled Tuesday 3|2 Blitz"]
[Site "Chess.com"]
[Date "2015.05.05"]
[Round "4"]
[White "Aygehovit1992"]
[Black "goldaxe"]
[Result "1-0"]
[WhiteElo "2452"]
[BlackElo "2166"]
[TimeControl "180+2"]
[EndTime "11:47:00 PDT"]
[Termination "Aygehovit1992 won by resignation"]

1. e4 e5 2. Nf3 Nc6 3. Bb5 a6 4. Ba4 Nf6 5. O-O Be7 6. Re1 b5 7. Bb3 O-O 8. a4 b4 9. d3 d6 10. a5 Be6 11. Be3 Bxb3 12. cxb3 d5 13. Nbd2 h6 14. Qc2 Qd7 15. Rec1 dxe4 16. dxe4 Nd4 17. Bxd4 exd4 18. Qxc7 Rfd8 19. Qxd7 Rxd7 20. Rc4 Rad8 21. Ne5 Rd6 22. Nc6 R8d7 23. e5 Rxc6 24. Rxc6 Ng4 25. Rxa6 d3 26. e6 fxe6 27. Rxe6 Bc5 28. g3 Bxf2+ 29. Kg2 Be3 30. Nc4 d2 31. Nxe3 Nxe3+ 32. Rxe3 d1=Q 33. Rxd1 Rxd1 34. a6 Ra1 35. Re8+ Kf7 36.
Ra8 Ra2 37. a7 Rxb2+ 38. Kh3 Ra2 39. Kg4 Kg6 40. Kf4 Kh5 41. h3 g5+ 42. Ke5 g4 43. hxg4+ Kxg4 44. Rg8+ Kh3 45. a8=Q Rxa8 46. Rxa8 Kxg3 47.
Rh8 1-0

[Event "*** Titled Tuesday 3|2 Blitz"]
[Site "Chess.com"]
[Date "2015.05.05"]
[Round "4"]
[White "destroyer305"]
[Black "Haykos"]
[Result "1-0"]
[WhiteElo "2150"]
[BlackElo "2189"]
[TimeControl "180+2"]
[EndTime "11:47:01 PDT"]
[Termination "destroyer305 won by resignation"]

1. e4 e5 2. Nf3 Nc6 3. d4 exd4 4.
Bc4 Nf6 5. e5 d5 6. Bb5 Ne4 7.
Nxd4 Bd7 8. Bxc6 Bxc6 9. O-O Bc5 10. f3 Ng5 11. f4 Ne4 12. Be3 O-O 13. Nd2 f5 14. Qe2 Qe7 15. Nxe4 Bxd4 16. Nf6+ Rxf6 17. Bxd4 Rh6 18. Qd3 Rf8 19. Rf3 a6 20. Re1 Bb5 21.
Qe3 Re8 22. Rg3 Re6 23. b3 b6 24. Qf3 Bc6 25. Qh5 g6 26. Qxf5 Bd7 27. Qd3 c5 28.
Bb2 d4 29. c3 Bb5 30. Qd2 dxc3 31. Qxc3 Rf8 32. a4 Bc6 33. Qc4 b5 34. axb5 axb5 35.
Qc1 Qh4 36. Rf1 Be4 37. Qxc5 Rxf4 38. Qc8+ Kf7 39. Qd7+ Re7 40. e6+ Kf8 41. Qd8+ 1-0

[Event "*** Titled Tuesday 3|2 Blitz"]
[Site "Chess.com"]
[Date "2015.05.05"]
[Round "4"]
[White "Daniel_Fridman"]
[Black "Inopov"]
[Result "1/2-1/2"]
[WhiteElo "2632"]
[BlackElo "2496"]
[TimeControl "180+2"]
[EndTime "11:47:08 PDT"]
[Termination "Game drawn by repetition"]

1. d4 d5 2. Nf3 Bf5 3. c4 e6 4.
Nc3 Nf6 5. cxd5 exd5 6. Bg5 c6 7. e3 Nbd7 8. Bd3 Bxd3 9. Qxd3 Be7 10.
O-O O-O 11. Rab1 Re8 12. b4 a6 13. a4 Ne4 14. Bxe7 Qxe7 15. Qc2 Nd6 16. b5 axb5 17. axb5 Nc4 18. bxc6 bxc6 19. Rb7 Reb8 20. Qb1 Qa3 21. Ne2 Qa6 22. Rxb8+ Rxb8 23. Qf5 Nf6 24. Ng3 Qa2 25. h3 h6 26. Kh2 Rb2 27. Qc8+ Kh7 28. Qf5+ Kg8 29.
Qc8+ Kh7 30. Qf5+ Kg8 1/2-1/2

[Event "*** Titled Tuesday 3|2 Blitz"]
[Site "Chess.com"]
[Date "2015.05.05"]
[Round "4"]
[White "VSERGUEI"]
[Black "ChessTrener"]
[Result "0-1"]
[WhiteElo "2466"]
[BlackElo "2508"]
[TimeControl "180+2"]
[EndTime "11:47:19 PDT"]
[Termination "ChessTrener won on time"]

1. d4 Nf6 2. c4 c5 3. d5 b5 4.
Nf3 g6 5. cxb5 a6 6. e3 Bg7 7.
Nc3 O-O 8. a4 Bb7 9. e4 e6 10.
dxe6 fxe6 11. e5 Ng4 12. Be2 Nxe5 13. Nxe5 Bxe5 14. Bh6 Rf7 15. Qd2 Qh4 16. Be3 axb5 17. Nxb5 Bxg2 18. Rg1 Qxh2 19. O-O-O Nc6 20. Nd6 Rff8 21.
Nc4 Rxa4 22. Qxd7 Ra1+ 23. Kc2 Be4+ 24. Bd3 Bxd3+ 25. Rxd3 Qxg1 26. Qxe6+ Kh8 27. Nxe5 Nd4+ 28. Rxd4 Qb1+ 29. Kb3 Qa2+ 0-1

[Event "*** Titled Tuesday 3|2 Blitz"]
[Site "Chess.com"]
[Date "2015.05.05"]
[Round "4"]
[White "pKiLz5Rn9b"]
[Black "Schemato"]
[Result "1-0"]
[WhiteElo "2262"]
[BlackElo "2114"]
[TimeControl "180+2"]
[EndTime "11:47:21 PDT"]
[Termination "pKiLz5Rn9b won by resignation"]

1. e4 e6 2. d4 d5 3. Nd2 Be7 4. Ngf3 Nf6 5. Bd3 c5 6. exd5 Qxd5 7. dxc5 O-O 8. O-O a5 9. Qe2 Na6 10. Ne4 Nxc5 11. Nxc5 Qxc5 12. Bg5 Bd7 13. Ne5 Rfd8 14.
Bh4 Be8 15. Rfe1 Qb4 16. Bg3 Rac8 17. c3 Qa4 18. Bc2 Qb5 19. Qxb5 Bxb5 20. Rad1 Kf8 21. f3 h6 22. Bf2 Rxd1 23. Rxd1 Nd5 24. Be4 Bc5 25. Bxc5+ Rxc5 26. c4 Bxc4 27. Nd7+ 1-0

[Event "*** Titled Tuesday 3|2 Blitz"]
[Site "Chess.com"]
[Date "2015.05.05"]
[Round "4"]
[White "LyonBeast"]
[Black "jlandaw"]
[Result "1-0"]
[WhiteElo "2743"]
[BlackElo "2377"]
[TimeControl "180+2"]
[EndTime "11:47:39 PDT"]
[Termination "LyonBeast won by resignation"]

1. e4 e5 2. Nf3 Nc6 3. Bb5 a6 4. Ba4 Nf6 5. O-O Be7 6. Re1 b5 7. Bb3 d6 8. c3 O-O 9. h3 Na5 10.
Bc2 c5 11. d4 Qc7 12. Nbd2 cxd4 13. cxd4 Rd8 14. Nf1 exd4 15. Nxd4 d5 16. e5 Ne4 17.
Bf4 Bc5 18. Rc1 Qb6 19. Be3 Nc4 20. Nf3 Nxe3 21. Nxe3 Nxf2 22. Kxf2 d4 23. Bxh7+ Kxh7 24. Qc2+ Kg8 25. Qxc5 dxe3+ 26. Qxe3 Qxe3+ 27. Kxe3 Be6 28. b3 a5 29. Rc5 Rd5 30. Rec1 a4 31. Nd4 axb3 32.
axb3 Ra2 33. Nxe6 fxe6 34. Rxd5 exd5 35. Kd4 Rd2+ 36. Kc5 Kf7 37. Kd6 Re2 38. Rf1+ Ke8 39. e6 1-0

[Event "*** Titled Tuesday 3|2 Blitz"]
[Site "Chess.com"]
[Date "2015.05.05"]
[Round "4"]
[White "LuckyTiger"]
[Black "cassoulet"]
[Result "1-0"]
[WhiteElo "2471"]
[BlackElo "2187"]
[TimeControl "180+2"]
[EndTime "11:47:47 PDT"]
[Termination "LuckyTiger won by resignation"]

1. e4 c5 2. c3 d6 3. d4 Nf6 4. Bd3 g6 5. h3 Bg7 6. Nf3 O-O 7. O-O Nfd7 8. a4 Nc6 9. Be3 a6 10. Nbd2 cxd4 11. cxd4 Nb4 12. Be2 b6 13. a5 bxa5 14.
Nc4 Bb7 15. d5 Nf6 16. Nxa5 Bc8 17. Bd2 Qb6 18. Qa4 Nbxd5 19. exd5 Nxd5 20. Bc4 Be6 21. Ng5 Qxb2 22. Nxe6 fxe6 23. Ra2 Qf6 24. Nc6 Rf7 25. Qb3 Qf5 26. Ra5 Rc8 27. Rxd5 exd5 28. Bxd5 Kf8 29. Be6 Qc5 30. Bxc8 Qxc6 31. Be6 Rf6 32. Qb8+ Qe8 33.
Qxe8+ Kxe8 34. Re1 Rf8 35. Rc1 1-0